 Dungeon Crawl Stone Soup version 0.28.0 (console) character file.

Game seed: 18367523577043854009

197 ryathie the Twirler (level 5, -1/61 HPs)
             Began as a Demigod Wanderer on Feb 5, 2022.
             Engulfed by a cloud of flame (5 damage)
             ... in a sewer.
             The game lasted 00:04:27 (3137 turns).

ryathie the Twirler (Demigod Wanderer)              Turns: 3137, Time: 00:04:28

Health: -1/61      AC: 22    Str: 18    XL:     5   Next: 22%
Magic:  10/10      EV:  2    Int: 13    God:
Gold:   71         SH:  0    Dex: 13    Spells: 7/7 levels left

rFire   + + .      SeeInvis .   a - +3 quarterstaff
rCold   + . .      Faith    .   (shield currently unavailable)
rNeg    . . .      Spirit   .   (armour currently unavailable)
rPois   +          Reflect  .   (helmet currently unavailable)
rElec   +          Harm     .   (cloak currently unavailable)
rCorr   +          Rampage  .   (gloves currently unavailable)
Will    .....      NoTele   +   (boots currently unavailable)
Stlth   +.........              (no amulet)
HPRegen 0.20/turn               h - ring of protection from fire
MPRegen 0.12/turn               (no ring)

@: tree-form, resistant, weak-willed, hasted, studying Throwing, very quick
A: stationary, stasis, torment immunity, boosted hp, high MP 1, forlorn, divine
attributes
a: no special abilities


You were in a sewer.
You were a tree.
You visited 1 branch of the dungeon, and saw 3 of its levels.
You also visited: Sewer.

You collected 71 gold pieces.

Inventory:

Hand Weapons
 a - a +3 quarterstaff (weapon)
Armour
 m - a +0 plate armour (melded)
Jewellery
 h - a ring of protection from fire (left branch)
 j - a ring of fire
Potions
 k - a potion of attraction


   Skills:
 - Level 1.7 Fighting
 + Level 5.1 Staves
 + Level 2.4 Armour
 - Level 1.7 Spellcasting
 - Level 1.0 Air Magic
 - Level 1.0 Evocations


You had 7 spell levels left.
You didn't know any spells.
Your spell library contained the following spells:

 Spells                   Type           Power      Damage    Failure   Level
 Corpse Rot               Necr/Air       4%         N/A       32%         2
 Poisonous Vapours        Pois/Air       4%         N/A       32%         2
 Ensorcelled Hibernation  Hex/Ice        2%         N/A       36%         2
 Passwall                 Tmut/Erth      0%         N/A       36%         2
 Sublimation of Blood     Necr           1%         N/A       36%         2
 Wereblood                Tmut           1%         N/A       36%         2
 Swiftness                Air            3%         N/A       45%         3
 Summon Hydra             Summ           0%         N/A       100%        7


Dungeon Overview and Level Annotations

Branches:
Dungeon (3/15)              Sewer (1/1)

Annotations:
D:3 1 transporter


Innate Abilities, Weirdness & Mutations

You are a tree.
Your roots penetrate the ground, keeping you stationary.
You cannot be teleported.
You are immune to unholy pain and torment.
Your maximum health is greatly increased.
Your equipment is partially melded.
You have an increased reservoir of magic. (+10% MP)
You shall have no god before yourself.
Your divine heritage dramatically boosts your attributes as you level up.


Message History

It was a potion of lignification.
You turn into a tree.
Your +0 plate armour melds into your body.
Your roots penetrate the ground.
You aren't carrying any items that you can evoke.
Unknown command.
As you read the scroll labelled UMAUXK IPAI, it crumbles to dust.
Magic quickly surges around you.
It was a scroll of vulnerability.
You sock the water moccasin!
Flame seeps out of the water moccasin.
The water moccasin is moderately wounded.
The water moccasin is engulfed in blazing flames.
Flame seeps out of the water moccasin.
The water moccasin bites you.
You sock the water moccasin!
Flame seeps out of the water moccasin.
The water moccasin is almost dead.
The water moccasin is engulfed in blazing flames.
The water moccasin explodes!
The fiery explosion engulfs you! You resist.
Your Staves skill increases to level 5!
Your Armour skill increases to level 2!
You have reached level 5!
You are engulfed in blazing flames.
You resist.
It was a potion of resistance.
You feel protected.
You are engulfed in blazing flames.
You resist.
You are engulfed in blazing flames.
You resist.
You are engulfed in blazing flames.
You resist.
* * * LOW HITPOINT WARNING * * *
It was a potion of haste.
You feel yourself speed up.
You are engulfed in blazing flames.
You resist.
* * * LOW HITPOINT WARNING * * *
You are engulfed in blazing flames.
You resist.
* * * LOW HITPOINT WARNING * * *
You are engulfed in blazing flames.
You resist.
* * * LOW HITPOINT WARNING * * *
You are engulfed in blazing flames.
You resist.
* * * LOW HITPOINT WARNING * * *
You are engulfed in blazing flames.
You resist.
* * * LOW HITPOINT WARNING * * *
You are engulfed in blazing flames.
You resist.
* * * LOW HITPOINT WARNING * * *
You are engulfed in blazing flames.
You resist.
You die...

∩# #.# #.# #######
#.# ##.....## #.#
#...≈...## #.#
...≈≈≈...#######.#
∩.≈≈≈≈≈..........#
.†.≈≈≈...#######♣#
#...≈...## #.#
##.....## #°#
####### #.# ...
... ... .....


There were no monsters in sight!

Vanquished Creatures
  A water moccasin (Sewer)
  An adder (D:2)
  A worm (D:2)
  3 dart slugs
  11 bats
  2 endoplasms
  10 giant cockroaches
  5 goblins
  A hobgoblin (D:3)
  7 quokkas
  2 ball pythons
  3 frilled lizards
  9 kobolds
  2 rats
58 creatures vanquished.

Vanquished Creatures (collateral kills)
  An adder (D:2)
1 creature vanquished.

Grand Total: 59 creatures vanquished

Notes
Turn   | Place    | Note
-------+----------+-------------------------------------------
     0 | D:1      | ryathie the Demigod Wanderer began the quest for the Orb.
     0 | D:1      | ryathie set off with the following items: a +3
                  | quarterstaff, a +0 leather armour; and the following spells
                  | available to memorise: Corpse Rot, Poisonous Vapours
     0 | D:1      | Reached XP level 1. HP: 17/17 MP: 5/5
   269 | D:1      | Reached skill level 3 in Staves
   614 | D:1      | Reached XP level 2. HP: 24/24 MP: 7/7
  1586 | D:2      | Reached XP level 3. HP: 26/29 MP: 8/8
  1591 | D:2      | Reached skill level 4 in Staves
  2938 | D:3      | Found a transporter.
  3002 | D:3      | Reached XP level 4. HP: 36/36 MP: 9/9
  3031 | D:3      | Found a glowing drain.
  3082 | Sewer    | Entered a sewer
  3121 | Sewer    | Noticed a water moccasin
  3126 | Sewer    | Killed a water moccasin
  3127 | Sewer    | Reached skill level 5 in Staves
  3127 | Sewer    | Reached XP level 5. HP: 41/41 MP: 10/10
  3137 | Sewer    | Engulfed by a cloud of flame

Illustrated notes

Levels and vault maps discovered:
D:1:      dpeg_arrival_signposts, layout_basic, basic_ecumenical_altar
D:2:      minmay_recursive_quarters, layout_loops_corners, bh_walls_and_bars
D:3:      gammafunk_steamed_eel, layout_loops_ring,
          gammafunk_temple_overflow_forgotten, gup_sewer_entry_pipe,
          hangedman_decor_growths, uniq_pargi
Sewer:    sewer_big_baddie

Skill      XL: |  1  2  3  4 |
---------------+-------------+-----
Staves         | 3 4 5 |  5.1
Armour         | 2 |  2.4
Fighting       | |  1.7
Spellcasting   | |  1.7
Air Magic      | |  1.0
Evocations     | |  1.0

Action                   |  1- 3 |  4- 6 || total
-------------------------+-------+-------++-------
Melee: Quarterstaff      |   111 |    30 ||   141
  Use: Scroll            |     4 |     2 ||     6
       Potion            |       |     3 ||     3
Armor: Leather armour    |    16 |       ||    16
       Plate armour      |    16 |    48 ||    64
Dodge: Dodged            |    46 |    20 ||    66
